 Dungeon Crawl Stone Soup version 0.31-a0-640-g39d97e502b (webtiles) character file.

Game seed: 8176134118835994616

6475 Sanktem7 the Cleaver (level 10, 0/91 HPs)
             Began as a Minotaur Fighter on Aug 29, 2023.
             Was an Elder of Okawaru.
             Slain by a polar bear (14 damage)
             ... on level 1 of the Lair of Beasts.
             The game lasted 00:14:38 (8617 turns).

Sanktem7 the Cleaver (Minotaur Fighter)             Turns: 8617, Time: 00:14:39

Health: 0/91       AC: 12    Str: 24    XL:     10   Next: 68%
Magic:  9/9        EV:  8    Int:  5    God:    Okawaru [****..]
Gold:   422        SH: 10    Dex: 11    Spells: 9/9 levels left

rFire   + . .        a - +1 war axe {axe}
rCold   . . .        k - +0 kite shield
rNeg    . . .        r - +0 chain mail
rPois   .            x - +0 hat
rElec   .            (no cloak)
rCorr   .            w - +0 pair of gloves
SInv    .            (no boots)
Will    .....        (no amulet) Stlth
                     e - ring of protection from fire
HPRegen 0.35/turn    (no ring)
MPRegen 0.11/turn

%: no passive effects
@: no status effects
A: horns 2, retaliatory headbutt
a: Renounce Religion, Heroism, Finesse


You were on level 1 of the Lair of Beasts.
You worshipped Okawaru.
Okawaru was greatly pleased with you.
You visited 2 branches of the dungeon, and saw 9 of its levels.
You also visited: Sewer.

You collected 422 gold pieces.


Innate Abilities, Weirdness & Mutations

You have a pair of horns on your head.
You reflexively headbutt those who attack you in melee.


   Skills:
 + Level 9.4 Fighting
 * Level 12.4 Axes
 + Level 1.9 Throwing
 + Level 9.4 Armour
 + Level 9.4 Shields


You had 9 spell levels left.
You didn't know any spells.
Your spell library contained the following spells:

 Spells                   Type           Power      Damage    Failure   Level
 Freeze                   Ice            0%         1d3       99%         1
 Slow                     Hex            0%         N/A       99%         1
 Cigotuvi's Dreadful Rot  Necr/Pois/Air  0%         N/A       99%         2
 Ensorcelled Hibernation  Hex/Ice        0%         N/A       99%         2
 Lesser Beckoning         Tloc           0%         N/A       99%         2
 Scorch                   Fire           0%         2d5       99%         2
 Confusing Touch          Hex            0%         N/A       100%        3
 Frozen Ramparts          Ice            0%         1d1       100%        3
 Gell's Gravitas          Tloc           0%         N/A       100%        3
 Hailstorm                Conj/Ice       0%         3d3       100%        3
 Ignite Poison            Fire/Tmut/Pois 0%         N/A       100%        3
 Teleport Other           Tloc           0%         N/A       100%        3
 Vampiric Draining        Necr           0%         2d6       100%        3
 Volatile Blastmotes      Fire/Tloc      0%         2d10      100%        3
 Anguish                  Hex/Necr       0%         N/A       100%        4
 Dispel Undead            Necr           0%         3d6       100%        4
 Sticky Flame             Conj/Fire      0%         2d3       100%        4
 Ignition                 Fire           0%         3d3       100%        8
 Summon Small Mammal      Summ           Unusable   N/A       N/A         1
 Call Canine Familiar     Summ           Unusable   N/A       N/A         3
 Summon Guardian Golem    Hex/Summ       Unusable   N/A       N/A         3
 Death Channel            Necr           Unusable   N/A       N/A         6

Inventory:

Hand Weapons
 a - a +1 war axe (weapon) {axe}
 h - the +10 whip "Ecel" {antimagic, Contam Drain Str+4 Int+2, mace}
   (You found it on level 6 of the Dungeon)

   Str+4:     It affects your strength (+4).
   Int+2:     It affects your intelligence (+2).
   Contam:    It causes magical contamination when unequipped.
   Drain:     It drains your maximum health when unequipped.
Missiles
 g - 6 atropa-tipped darts {throwing}
 y - 9 boomerangs {throwing}
Armour
 k - a +0 kite shield (worn)
   (You found it on level 6 of the Dungeon)
 r - a +0 chain mail (worn)
   (You found it on level 2 of the Dungeon)
 w - a +0 pair of gloves (worn)
   (You found it on level 5 of the Dungeon)
 x - a +0 hat (worn)
   (You found it on level 5 of the Dungeon)
Jewellery
 e - a ring of protection from fire (left hand)
   (You found it on level 1 of the Dungeon)
Wands
 b - a wand of mindburst (17)
   (You found it on level 6 of the Dungeon)
Scrolls
 c - a scroll of poison {unknown}
 f - a scroll of fear
 p - a scroll of blinking {!r}
 F - a scroll of immolation {!r!r}
 G - 2 scrolls of vulnerability {!r!r}
Potions
 d - a potion of might
 j - 3 potions of enlightenment
 l - 3 potions of attraction {!q}
 m - a potion of mutation {unknown}
 n - 3 potions of haste {@q3}
 q - a potion of invisibility {unknown}
 s - 2 potions of lignification {!q}
 t - 3 potions of curing {unknown}
 u - 2 potions of ambrosia
 v - 2 potions of heal wounds {@q2}
 z - a potion of berserk rage {unknown}
 C - 2 potions of brilliance {unknown}
 D - 2 potions of resistance {unknown}

Dungeon Overview and Level Annotations

Branches:
Dungeon (8/15) Zot: 25530  Temple (0/1) D:7            Lair (1/5) D:8 Zot: 5743
  Sewer (visited)

Altars:
Dithmenos
Elyvilon
Fedhas
Hepliaklqana
Okawaru
Uskayaw
Xom
The Shining One

Annotations:
D:7 2 transporters, wormstring's ghost, novice TrSh

#............ ......
#..........†† .......
#............ .......
#............ .......
##............ .......
##.............
.......###..............
......#.................
......h@..#.............
.####..†###.............
##..# ##..........> #...
##.......## ##..
##...#.## ##.. ...... ..
..... ...


You could see a polar bear (berserk).


Message History

You are too injured to fight recklessly!
You are too injured to fight recklessly!
You are too injured to fight recklessly!
You are too injured to fight recklessly!
You are too injured to fight recklessly!
You are too injured to fight recklessly!
You are too injured to fight recklessly!
You are too injured to fight recklessly!
You are too injured to fight recklessly!
You are too injured to fight recklessly!
You are too injured to fight recklessly!
You are too injured to fight recklessly!
You are too injured to fight recklessly!
You are too injured to fight recklessly!
You are too injured to fight recklessly!
You are too injured to fight recklessly!
You are too injured to fight recklessly!
You are too injured to fight recklessly!
You are too injured to fight recklessly!
You are too injured to fight recklessly!
You are too injured to fight recklessly!
You barely miss the wolf. You headbutt the wolf. You slash the polar bear!
You closely miss the wolf. You slash the wolf!
You kill the wolf!
Okawaru accepts your kill. The wolf bites you!
You block the polar bear's attack.
The polar bear claws you but does no damage.
The polar bear closely misses you. The wolf closely misses you.
The wolf bites you. 😮 HP[-11]
You take 11 damage, and now have 56/91 hp.
You slash the wolf! You slash the polar bear! You barely miss the wolf.
The wolf bites you but does no damage.
The polar bear goes berserk!
The wolf barely misses you.
You hit the polar bear but do no damage.
You hit the wolf. You miss the wolf. You hit the wolf.
You block the wolf's attack. The wolf barely misses you.
You furiously retaliate!
You headbutt the wolf.
The polar bear bites you but does no damage.
The polar bear barely misses you.
The polar bear claws you but does no damage.
The wolf bites you. The wolf bites you! You block the wolf's attack.
The polar bear bites you!
* * * LOW HITPOINT WARNING * * *
You block the polar bear's attack.
The polar bear claws you but does no damage.
You block the wolf's attack. 😨 HP[-17]
You take 17 damage, and now have 39/91 hp.
You hit the polar bear but do no damage.
You closely miss the wolf. You hit the wolf.
You kill the wolf!
Okawaru accepts your kill.
You slash the wolf!
You kill the wolf!
Okawaru accepts your kill.
You can now speed up your combat.
You block the wolf's attack. You block the polar bear's attack.
The polar bear claws you but does no damage.
You block the polar bear's attack. 😨 HP[+1]
You closely miss the wolf. You headbutt the wolf.
You hit the polar bear but do no damage.
The wolf bites you but does no damage. The polar bear bites you!!
* * * LOW HITPOINT WARNING * * *
The polar bear claws you but does no damage. x2
You block the wolf's attack. The polar bear bites you!
* * * LOW HITPOINT WARNING * * *
The polar bear claws you but does no damage.
The polar bear claws you.
* * * LOW HITPOINT WARNING * * *
😱 HP[-29]
You take 29 damage, and now have 11/91 hp.
MASSIVE DAMAGE!! (PAUSE)
You hit the polar bear but do no damage.
Your headbutt misses the polar bear. You hit the wolf. The wolf bites you.
* * * LOW HITPOINT WARNING * * *
The polar bear closely misses you. You block the polar bear's attack. x2
The wolf bites you but does no damage. 😱 HP[-6]
You take 6 damage, and now have 5/91 hp.
You feel much better.
The polar bear bites you but does no damage.
You block the polar bear's attack.
The polar bear claws you but does no damage.
You block the wolf's attack. The polar bear bites you!
* * * LOW HITPOINT WARNING * * *
The polar bear claws you.
* * * LOW HITPOINT WARNING * * *
The polar bear closely misses you. 😱 HP[+9]
You regained 9 hp, and now have 14/91 hp.
You slash the polar bear! You headbutt the polar bear. You hit the wolf.
You block the wolf's attack. The wolf barely misses you.
You furiously retaliate!
You headbutt the wolf!
You kill the wolf!
Okawaru accepts your kill. The polar bear bites you!
You die...

Skill      XL: |  1  2  3  4  5  6  7  8  9 10 |
---------------+-------------------------------+-----
Axes           | 3 4 5 6 7 9 11 12 | 12.4
Armour         | 4 5 6 7 8 9 |  9.4
Shields        | 4 5 6 7 8 9 |  9.4
Fighting       | 4 5 6 7 8 9 |  9.4
Throwing       | 1 |  1.9

Action                     |  1- 3 |  4- 6 |  7- 9 | 10-12 || total
---------------------------+-------+-------+-------+-------++-------
  Melee: War axe           |    59 |   164 |   301 |    80 ||   604
         Headbutt          |     8 |    23 |    40 |    17 ||    88
    Use: Scroll            |       |       |    13 |       ||    13
         Potion            |       |       |       |     1 ||     1
 Armour: Scale mail        |    26 |     8 |       |       ||    34
         Chain mail        |       |   103 |   151 |    70 ||   324
  Dodge: Dodged            |    25 |    86 |   114 |    34 ||   259
  Block: Buckler           |    13 |    48 |    37 |       ||    98
         Kite shield       |       |       |   103 |    66 ||   169

Levels and vault maps discovered:
D:1:      nzn_arrival_settlement, layout_loops_ring
D:2:      layout_basic, serial_glass, glass_columns_c, glass_columns_a,
          minmay_indecisive_spiral, uniq_natasha
D:3:      layout_basic
D:4:      layout_rooms, overflow_temple_1_default, portal_sewer_entry_c,
          minmay_bent, uniq_menkaure
D:5:      layout_loops_ring, mainiacjoe_overflow_catch_the_wave,
          nicolae_hepliaklqana_monster_ancestors,
          nicolae_dithmenos_the_darkroom, uniq_grinder
D:6:      layout_basic, minmay_misc_feat_tower, dreamdust_gnoll_farm
D:7:      layout_basic, nicolae_overflow_squiral, minmay_temple_entry_ruins,
          gammafunk_ghost_hive
D:8:      layout_basic, mainiacjoe_overflow_24_doors, lair_entry_dummy,
          uniq_psyche
Lair:1:   layout_cave_pods

Notes
Turn   | Place    | Note
-------+----------+-------------------------------------------
     0 | D:1      | Sanktem7 the Minotaur Fighter began the quest for the Orb.
     0 | D:1      | Reached XP level 1. HP: 19/19 MP: 0/0
     0 | D:1      | magus.rc [v1.9.6]
    31 | D:1      | You add the spells Scorch and Volatile Blastmotes to your
                  | library.
    31 | D:1      | Got Jepnom's Parchment of the Discontinuous Volcano
   106 | D:1      | Reached XP level 2. HP: 27/27 MP: 1/1
   159 | D:1      | Reached skill level 3 in Axes
   227 | D:1      | Reached skill level 4 in Armour
   227 | D:1      | Reached XP level 3. HP: 33/33 MP: 2/2
   234 | D:1      | Reached skill level 4 in Shields
   242 | D:1      | Reached skill level 4 in Fighting
   562 | D:1      | You pick up a book of Frost and begin reading...
   562 | D:1      | You add the spells Freeze, Frozen Ramparts and Hailstorm to
                  | your library.
   669 | D:2      | You pick up a book of Callings and begin reading...
   669 | D:2      | You add the spells Summon Small Mammal, Call Canine
                  | Familiar and Summon Guardian Golem to your library.
   800 | D:2      | Reached XP level 4. HP: 40/40 MP: 3/3
   945 | D:2      | Reached skill level 4 in Axes
  1169 | D:2      | Noticed Natasha
  1180 | D:2      | Killed Natasha
  1181 | D:2      | Reached XP level 5. HP: 40/47 MP: 4/4
  1824 | D:3      | You pick up a book of Displacement and begin reading...
  1824 | D:3      | You add the spells Lesser Beckoning, Gell's Gravitas and
                  | Teleport Other to your library.
  2044 | D:4      | Found a hide-covered altar of Uskayaw.
  2067 | D:4      | Reached skill level 5 in Axes
  2073 | D:4      | Noticed a black bear
  2086 | D:4      | Killed a black bear
  2087 | D:4      | Reached skill level 5 in Armour
  2087 | D:4      | Reached skill level 5 in Shields
  2087 | D:4      | Reached XP level 6. HP: 39/55 MP: 5/5
  2091 | D:4      | Reached skill level 5 in Fighting
  2240 | D:4      | Found a glowing drain.
  2253 | D:4      | Reached skill level 6 in Axes
  2256 | Sewer    | Entered a sewer
  2421 | Sewer    | Reached XP level 7. HP: 61/61 MP: 6/6
  2767 | D:4      | HP: 2/61 [ogre/+0 giant club (31)]
  3028 | D:4      | You add the spells Ignite Poison, Sticky Flame and Ignition
                  | to your library.
  3155 | D:4      | Reached skill level 7 in Axes
  3209 | D:4      | Reached skill level 6 in Fighting
  3209 | D:4      | Reached skill level 6 in Armour
  3209 | D:4      | Reached skill level 6 in Shields
  3252 | D:4      | Noticed Menkaure
  3259 | D:4      | Killed Menkaure
  3260 | D:4      | Reached XP level 8. HP: 19/70 MP: 7/7
  3520 | D:5      | Entered Level 5 of the Dungeon
  3523 | D:5      | You fall into a shaft and drop 2 floors!
  3750 | D:6      | Reached skill level 8 in Axes
  3956 | D:6      | Identified the +10 whip "Ecel" {antimagic, Contam Drain
                  | Str+4 Int+2}
  4688 | D:5      | Reached skill level 7 in Shields
  4743 | D:5      | Found a shadowy altar of Dithmenos.
  4746 | D:5      | Reached skill level 7 in Fighting
  4876 | D:5      | Reached skill level 7 in Armour
  4941 | D:5      | Found a shimmering altar of Xom.
  5023 | D:5      | Found an iron altar of Okawaru.
  5117 | D:5      | Became a worshipper of Warmaster Okawaru
  5157 | D:5      | Reached skill level 9 in Axes
  5259 | D:5      | Noticed Grinder
  5273 | D:5      | Killed Grinder
  5274 | D:5      | Reached XP level 9. HP: 57/79 MP: 8/8
  5544 | D:5      | Found a hazy altar of Hepliaklqana.
  5704 | D:7      | Found a staircase to the Ecumenical Temple.
  5770 | D:7      | Found a white marble altar of Elyvilon.
  5773 | D:7      | Found a blossoming altar of Fedhas.
  5784 | D:7      | Reached * piety under Okawaru
  6264 | D:7      | Found a transporter.
  6266 | D:7      | Found a transporter.
  6271 | D:7      | Reached skill level 10 in Axes
  6379 | D:7      | Identified the +8 flail "Humip" {speed, rF+ rN+}
  6553 | D:7      | Noticed wormstring's ghost (novice TrSh)
  6574 | D:7      | Noticed a queen bee
  6900 | D:8      | Reached skill level 8 in Fighting
  6900 | D:8      | Reached skill level 8 in Armour
  6900 | D:8      | Reached skill level 8 in Shields
  6910 | D:8      | HP: 19/81 [orc warrior/+0 flail (10)]
  6915 | D:7      | HP: 17/81 [yak (3)]
  6916 | D:7      | Reached ** piety under Okawaru
  7403 | D:8      | Reached skill level 11 in Axes
  7406 | D:8      | Reached XP level 10. HP: 72/90 MP: 9/9
  7589 | D:8      | You pick up a book of Decay and begin reading...
  7589 | D:8      | You add the spells Cigotuvi's Dreadful Rot and Dispel
                  | Undead to your library.
  7598 | D:8      | Noticed Psyche
  7604 | D:8      | Killed Psyche
  7712 | D:8      | Reached *** piety under Okawaru
  7724 | D:8      | Reached skill level 9 in Fighting
  7724 | D:8      | Reached skill level 9 in Armour
  7724 | D:8      | Reached skill level 9 in Shields
  7729 | D:8      | Found a glowing golden altar of the Shining One.
  7980 | D:8      | You pick up a book of Dreams and begin reading...
  7980 | D:8      | You add the spells Ensorcelled Hibernation and Anguish to
                  | your library.
  7992 | D:8      | Found a staircase to the Lair.
  8222 | D:8      | You pick up a book of Debilitation and begin reading...
  8222 | D:8      | You add the spells Slow, Vampiric Draining and Confusing
                  | Touch to your library.
  8361 | Lair:1   | Entered Level 1 of the Lair of Beasts
  8396 | Lair:1   | Reached skill level 12 in Axes
  8401 | Lair:1   | Reached skill level 1 in Throwing
  8613 | Lair:1   | Reached **** piety under Okawaru
  8614 | Lair:1   | HP: 20/91 [polar bear (20)]
  8615 | Lair:1   | HP: 5/91 [wolf (6)]
  8617 | Lair:1   | Slain by a polar bear

Vanquished Creatures
  Psyche (D:8)
  A komodo dragon (Lair:1)
  Grinder (D:5)
  A shadow (D:7)
  15 yaks
  2 steam dragons
  Menkaure (D:4)
  An orc warrior (D:7)
  2 ice beasts
  3 black bears
  2 sky beasts
  2 ogres
  A centaur (D:8)
  5 wolves (Lair:1)
  2 kobold brigands (D:7)
  4 bullfrogs
  3 scorpions (D:4)
  3 wights (D:7)
  An electric eel (D:7)
  2 howler monkeys
  3 hounds
  3 gnoll boudas
  2 jellies (D:5)
  3 iguanas
  A sleepcap (D:6)
  Natasha (D:2)
  2 orc wizards
  17 gnolls
  11 adders
  6 river rats
  2 shadow imps
  A white imp (D:6)
  An ufetubus (D:5)
  4 worms
  6 dart slugs
  30 orcs
  4 bats
  8 endoplasms
  6 giant cockroaches
  9 goblins
  10 hobgoblins
  14 jackals
  3 quokkas
  20 ball pythons
  2 frilled lizards
  9 kobolds
  28 rats
  A spectral goblin (D:5)
260 creatures vanquished.

Table legend:
 A = Non-vault XP
 B = Vault XP
 C = Vault XP percentage of total XP
 D = Non-vault monster count
 E = Vault monster count
 F = Vault count percentage of total count
                 A         B        C        D         E       F
            +---------+---------+-------+---------+---------+-------
      Total |    7896 |    1469 |  15.7 |     186 |      74 |  28.5
            +---------+---------+-------+---------+---------+-------
        D:1 |      64 |       0 |   0.0 |      26 |       0 |   0.0
        D:2 |      96 |      55 |  36.4 |      23 |       5 |  17.9
        D:3 |      40 |       0 |   0.0 |      17 |       0 |   0.0
        D:4 |     556 |     335 |  37.6 |      24 |      15 |  38.5
        D:5 |     274 |     298 |  52.1 |      20 |       3 |  13.0
        D:6 |     657 |     101 |  13.3 |      13 |       5 |  27.8
        D:7 |    1775 |       0 |   0.0 |      25 |       0 |   0.0
        D:8 |    2467 |     353 |  12.5 |      27 |       1 |   3.6
     Lair:1 |    1967 |       0 |   0.0 |      11 |       0 |   0.0
      Sewer |       0 |     327 | 100.0 |       0 |      45 | 100.0
            +---------+---------+-------+---------+---------+-------

Skill      XL: |  1  2  3  4  5  6  7  8  9 10 |
---------------+-------------------------------+-----
Axes           | 3 4 5 6 7 9 11 12 | 12.4
Armour         | 4 5 6 7 8 9 |  9.4
Shields        | 4 5 6 7 8 9 |  9.4
Fighting       | 4 5 6 7 8 9 |  9.4
Throwing       | 1 |  1.9

Action                     |  1- 3 |  4- 6 |  7- 9 | 10-12 || total
---------------------------+-------+-------+-------+-------++-------
  Melee: War axe           |    59 |   164 |   301 |    80 ||   604
         Headbutt          |     8 |    23 |    40 |    17 ||    88
    Use: Scroll            |       |       |    13 |       ||    13
         Potion            |       |       |       |     1 ||     1
 Armour: Scale mail        |    26 |     8 |       |       ||    34
         Chain mail        |       |   103 |   151 |    70 ||   324
  Dodge: Dodged            |    25 |    86 |   114 |    34 ||   259
  Block: Buckler           |    13 |    48 |    37 |       ||    98
         Kite shield       |       |       |   103 |    66 ||   169

Illustrated notes

Table legend:
 A = Kills in this place as a percentage of kills in the entire game.
 B = Kills by you in this place as a percentage of kills by you in the entire game.
 C = Kills by friends in this place as a percentage of kills by friends in the entire game.
 D = Other kills in this place as a percentage of other kills in the entire game.
 E = Experience gained in this place as a percentage of experience gained in the entire game.
 F = Experience gained in this place divided by the number of levels of this place that you have seen.
                   A       B       C       D       E      F
               +-------+-------+-------+-------+-------+----------------------
         Total | 100.0 | 100.0 |   N/A |   N/A | 100.0 | 936.5
       Dungeon |  78.5 |  78.5 |   N/A |   N/A |  75.5 | 883.9
          Lair |   4.2 |   4.2 |   N/A |   N/A |  21.0 | 1967.0
         Sewer |  17.3 |  17.3 |   N/A |   N/A |   3.5 | 327.0
               +-------+-------+-------+-------+-------+----------------------

Table legend: (Time is in decaauts)
 A = Elapsed time spent in this place.
 B = Non-inter-level travel time spent in this place.
 C = Inter-level travel time spent in this place.
 D = Time resting spent in this place.
 E = Time spent auto-exploring this place.
 F = Levels seen in this place.
 G = Mean time per level.
                   A        B        C        D        E       F      G
               +--------+--------+--------+--------+--------+-----+--------+
         Total |   8765 |   8498 |    267 |    173 |   6736 |  10 |  876.5 |
       Dungeon |   7993 |   7726 |    267 |    173 |   6146 |   8 |  999.1 |
          Lair |    255 |    255 |      0 |      0 |    215 |   1 |  255.0 |
         Sewer |    517 |    517 |      0 |      0 |    374 |   1 |  517.0 |
               +--------+--------+--------+--------+--------+-----+--------+

Top non-repeatable levels by time:
     D:7: 1441 daAuts
     D:8: 1260 daAuts
     D:6: 1162 daAuts
     D:5: 1008 daAuts
     D:4: 867 daAuts
     D:2: 849 daAuts
     D:3: 743 daAuts
     D:1: 661 daAuts
   Sewer: 517 daAuts
  Lair:1: 255 daAuts
